MID
FORT WAYNE TINCAPS @ SOUTH BEND CUBS
09/08/2045
 
TOP OF THE 1ST
Fort Wayne TinCaps batting - Pitching for South Bend Cubs : RHP Jose Ramirez
Pitching: RHP Jose Ramirez
Batting: RHB Wally Cangro 0-0: Ball
1-0: Ball
2-0: Ball
3-0: SINGLE (Line Drive, 6D, EV 97.5 MPH)
Batting: SHB Adam Martin 0-0: Called Strike
Wally Cangro steals 2nd base (no throw)
0-1: SINGLE (Line Drive, 8LS, EV 96.2 MPH)
Wally Cangro to third
Batting: LHB James Sousa 0-0: Called Strike
0-1: Ball
1-1: Ball
2-1: Ball
3-1: Base on Balls
Adam Martin to second
Batting: RHB Bryan Pitcher 0-0: Ball
1-0: Swinging Strike
1-1: SINGLE (Line Drive, 89S, EV 105.6 MPH)
Wally Cangro scores
Adam Martin to third
James Sousa to second
Runner from 3rd tries for Home, SAFE, throw by CF to home
Batting: SHB Tim Edelman 0-0: Ball
1-0: Ball
2-0: Foul Ball, location: 2F
2-1: Foul Ball, location: 2F
2-2: Foul Ball, location: 2F
2-2: Foul Ball, location: 2F
2-2: 3-RUN HOME RUN (Flyball, 89XD, EV 106.2 MPH), Distance : 419 ft
Pitching: LHP Jesse Fields
Batting: RHB Davey Verhoog 0-0: Called Strike
0-1: Ground out 3-1 (Groundball, 34, EV 102.5 MPH)
Batting: RHB Jeremy Mercer 0-0: Ball
1-0: Ball
2-0: Called Strike
2-1: Ball
3-1: Base on Balls
Batting: SHB Ryohei Nakano 0-0: Called Strike
Jeremy Mercer is caught stealing 2nd base 2-4
0-1: Fly out, F7 (Flyball, 7S, EV 95.0 MPH)
Top of the 1st over - 5 runs, 4 hits, 0 errors, 0 left on base; Fort Wayne 5 - South Bend 0
BOTTOM OF THE 1ST
South Bend Cubs batting - Pitching for Fort Wayne TinCaps : LHP Luis Sanchez
Pitching: LHP Luis Sanchez
Batting: RHB Rich Thurman 0-0: Swinging Strike
0-1: Ground out 6-3 (Groundball, 6, EV 89.4 MPH)
Batting: RHB Puluke Konane 0-0: Called Strike
0-1: Ball
1-1: Ball
2-1: Ground out 4-3 (Groundball, 4, EV 81.9 MPH)
Batting: RHB Mike Savage 0-0: Swinging Strike
0-1: Ball
1-1: Foul Ball, location: 2F
1-2: SINGLE (Groundball, 56D, EV 95.6 MPH)
Batting: RHB Jonathan Sotelo 0-0: Called Strike
0-1: Swinging Strike
0-2: Ball
1-2: Ball
2-2: Ball
3-2: Ground out 4-3 (Groundball, 4M, EV 83.1 MPH)
Bottom of the 1st over - 0 runs, 1 hit, 0 errors, 1 left on base; Fort Wayne 5 - South Bend 0
TOP OF THE 2ND
Fort Wayne TinCaps batting - Pitching for South Bend Cubs : LHP Jesse Fields
Batting: RHB Ron Major 0-0: Called Strike
0-1: Swinging Strike
0-2: Ground out 6-3 (Groundball, 6, EV 105.0 MPH)
Batting: RHB Wally Cangro 0-0: Ball
1-0: Ball
2-0: Ball
3-0: Base on Balls
Batting: SHB Adam Martin 0-0: Ball
1-0: Called Strike
1-1: Called Strike
Wally Cangro steals 2nd base
1-2: Foul Ball, location: 2F
1-2: Fly out, F7 (Flyball, 78S, EV 85.6 MPH)
Pitching: RHP Jose Marrero
Batting: LHB James Sousa 0-0: Called Strike
0-1: Ball
1-1: Ball
2-1: Fly out, F9 (Flyball, 9, EV 82.5 MPH)
Top of the 2nd over - 0 runs, 0 hits, 0 errors, 1 left on base; Fort Wayne 5 - South Bend 0
BOTTOM OF THE 2ND
South Bend Cubs batting - Pitching for Fort Wayne TinCaps : LHP Luis Sanchez
Batting: LHB Kwang-chih Men 0-0: Ball
1-0: Ball
2-0: Called Strike
2-1: Swinging Strike
2-2: Strikes out swinging
Batting: LHB Mark Ingram 0-0: Ball
1-0: Ball
2-0: Foul Ball, location: 2F
2-1: Foul Ball, location: 2F
2-2: Fly out, F8 (Flyball, 8LS, EV 86.9 MPH)
Batting: RHB Khalil Stephens 0-0: Ball
1-0: Called Strike
1-1: Ball
2-1: Swinging Strike
2-2: Ground out 6-3 (Groundball, 56, EV 85.0 MPH)
Bottom of the 2nd over - 0 runs, 0 hits, 0 errors, 0 left on base; Fort Wayne 5 - South Bend 0
TOP OF THE 3RD
Fort Wayne TinCaps batting - Pitching for South Bend Cubs : RHP Jose Marrero
Batting: RHB Bryan Pitcher 0-0: Foul Ball, location: 2F
0-1: SINGLE (Groundball, 34D, EV 102.5 MPH)
Batting: SHB Tim Edelman 0-0: Ball
1-0: Called Strike
1-1: TRIPLE (Line Drive, 78XD, EV 103.8 MPH)
Bryan Pitcher scores
Batting: RHB Davey Verhoog 0-0: Called Strike
0-1: Ball
1-1: Foul Ball, location: 2F
1-2: Ball
2-2: DOUBLE (Line Drive, 8RXD, EV 106.9 MPH)
Tim Edelman scores
Batting: RHB Jeremy Mercer 0-0: Ball
1-0: Called Strike
1-1: Ball
2-1: Ball
3-1: Foul Ball, location: 2F
3-2: Ground out 1-3 (Groundball, 34S, EV 65.6 MPH)
Davey Verhoog to third
Pitching: LHP Colin Scott
Batting: SHB Ryohei Nakano 0-0: Called Strike
0-1: Fly out, F7 (Flyball, 7, EV 91.9 MPH)
Runner from 3rd tags up, SCORES, throw by LF
Batting: RHB Ron Major 0-0: DOUBLE (Flyball, 8LXD, EV 104.4 MPH)
Batting: RHB Wally Cangro 0-0: Ball
1-0: Ball
2-0: Foul Ball, location: 2F
2-1: Fly out, F8 (Flyball, 8RS, EV 78.8 MPH)
Top of the 3rd over - 3 runs, 4 hits, 0 errors, 1 left on base; Fort Wayne 8 - South Bend 0
BOTTOM OF THE 3RD
South Bend Cubs batting - Pitching for Fort Wayne TinCaps : LHP Luis Sanchez
Batting: LHB Mark Huey 0-0: Called Strike
0-1: Foul Ball, location: 2F
0-2: Ball
1-2: Strikes out looking
Batting: SHB Benoît Morin 0-0: Called Strike
0-1: Ball
1-1: SINGLE (Groundball, 34S, EV 68.1 MPH) (infield hit)
Batting: RHB Rich Thurman 0-0: Foul Ball, location: 2F
0-1: Ball
1-1: Foul Ball, location: 2F
1-2: Foul Ball, location: 2F
1-2: DOUBLE (Line Drive, 8LD, EV 103.8 MPH)
Benoît Morin to third
Runner from 3rd tries for Home, SAFE, no throw by CF
Batting: RHB Puluke Konane 0-0: Ball
1-0: SINGLE (Line Drive, 7S, EV 109.4 MPH)
Rich Thurman to third
Batting: RHB Mike Savage 0-0: Ball
1-0: Ball
2-0: Called Strike
2-1: Grounds into double play, 6-4-3 (Groundball, 6, EV 103.1 MPH)
Bottom of the 3rd over - 1 run, 3 hits, 0 errors, 1 left on base; Fort Wayne 8 - South Bend 1
TOP OF THE 4TH
Fort Wayne TinCaps batting - Pitching for South Bend Cubs : LHP Colin Scott
Batting: SHB Adam Martin 0-0: Called Strike
0-1: Foul Ball, location: 2F
0-2: Ball
1-2: Ball
2-2: Foul Ball, location: 2F
2-2: Ground out 1-3 (Groundball, P, EV 65.6 MPH)
Batting: LHB James Sousa 0-0: Called Strike
0-1: Swinging Strike
0-2: Ball
1-2: Strikes out swinging
Batting: RHB Bryan Pitcher 0-0: Ground out 6-3 (Groundball, 6M, EV 100.0 MPH)
Top of the 4th over - 0 runs, 0 hits, 0 errors, 0 left on base; Fort Wayne 8 - South Bend 1
BOTTOM OF THE 4TH
South Bend Cubs batting - Pitching for Fort Wayne TinCaps : LHP Luis Sanchez
Batting: RHB Jonathan Sotelo 0-0: Called Strike
0-1: Swinging Strike
0-2: Foul Ball, location: 2F
0-2: Foul Ball, location: 2F
0-2: Ball
1-2: Ball
2-2: Ball
3-2: Foul Ball, location: 2F
3-2: Foul Ball, location: 2F
3-2: Ground out 6-3 (Groundball, 56, EV 100.6 MPH)
Batting: LHB Kwang-chih Men 0-0: Ball
1-0: Ball
2-0: Ball
3-0: Called Strike
3-1: Base on Balls
Batting: LHB Mark Ingram 0-0: Ball
1-0: Foul Ball, location: 2F
1-1: Ball
2-1: Foul Ball, location: 2F
2-2: Ball
3-2: Base on Balls
Kwang-chih Men to second
Batting: RHB Khalil Stephens 0-0: Called Strike
0-1: Foul Ball, location: 2F
0-2: Ball
1-2: Ball
2-2: Fly out, F9 (Flyball, 9LD, EV 96.2 MPH)
Runner from 2nd tags up, SAFE at 3rd, no throw by RF
Batting: LHB Mark Huey 0-0: Called Strike
0-1: Ball
1-1: Called Strike
1-2: Strikes out swinging
Bottom of the 4th over - 0 runs, 0 hits, 0 errors, 2 left on base; Fort Wayne 8 - South Bend 1
TOP OF THE 5TH
Fort Wayne TinCaps batting - Pitching for South Bend Cubs : LHP Colin Scott
Pitching: RHP Miles Edwards
Batting: SHB Tim Edelman 0-0: DOUBLE (Line Drive, 9LM, EV 93.8 MPH)
Batting: RHB Davey Verhoog 0-0: Swinging Strike
0-1: Ball
1-1: Swinging Strike
1-2: Ball
2-2: Foul Ball, location: 2F
2-2: Strikes out swinging
Batting: RHB Jeremy Mercer 0-0: Ball
1-0: Foul Ball, location: 2F
1-1: Ball
2-1: Foul Ball, location: 2F
2-2: Ground out U3 (Groundball, 34, EV 91.9 MPH)
Tim Edelman to third
Batting: SHB Ryohei Nakano 0-0: Ground out 5-3 (Groundball, 56, EV 86.2 MPH)
Top of the 5th over - 0 runs, 1 hit, 0 errors, 1 left on base; Fort Wayne 8 - South Bend 1
BOTTOM OF THE 5TH
South Bend Cubs batting - Pitching for Fort Wayne TinCaps : LHP Luis Sanchez
Batting: SHB Benoît Morin 0-0: Foul Ball, location: 2F
0-1: Foul Ball, location: 2F
0-2: Foul Ball, location: 2F
0-2: Foul Ball, location: 2F
0-2: Foul Ball, location: 2F
0-2: Strikes out swinging
Pitching: RHP Eric Fragoso
Batting: RHB Rich Thurman 0-0: Called Strike
0-1: SINGLE (Groundball, 6MD, EV 103.1 MPH)
Batting: RHB Puluke Konane 0-0: Foul Ball, location: 2F
0-1: SINGLE (Groundball, 6MD, EV 96.9 MPH)
Rich Thurman to second
Batting: RHB Mike Savage 0-0: Ball
1-0: Ball
2-0: Called Strike
2-1: Foul Ball, location: 2F
2-2: Strikes out swinging
Batting: RHB Jonathan Sotelo 0-0: Fielders Choice at 2nd, 5-4 (Groundball, 56, EV 103.1 MPH)
Bottom of the 5th over - 0 runs, 2 hits, 0 errors, 2 left on base; Fort Wayne 8 - South Bend 1
TOP OF THE 6TH
Fort Wayne TinCaps batting - Pitching for South Bend Cubs : RHP Miles Edwards
Batting: RHB Ron Major 0-0: Ball
1-0: Ball
2-0: Ball
3-0: Base on Balls
Batting: RHB Wally Cangro 0-0: Fly out, F6 (Popup, 6M, EV 80.0 MPH)
Batting: SHB Adam Martin 0-0: Foul Ball, location: 2F
0-1: Swinging Strike
0-2: Strikes out swinging
Batting: LHB James Sousa 0-0: Called Strike
0-1: Foul Ball, location: 2F
0-2: Ball
1-2: Foul Ball, location: 2F
1-2: Strikes out swinging
Top of the 6th over - 0 runs, 0 hits, 0 errors, 1 left on base; Fort Wayne 8 - South Bend 1
BOTTOM OF THE 6TH
South Bend Cubs batting - Pitching for Fort Wayne TinCaps : RHP Eric Fragoso
Batting: LHB Kwang-chih Men 0-0: Ball
1-0: SINGLE (Line Drive, 78S, EV 103.8 MPH)
Batting: LHB Mark Ingram 0-0: Swinging Strike
0-1: Called Strike
0-2: Ball
1-2: Foul Ball, location: 2F
1-2: Ball
2-2: Foul Ball, location: 2F
2-2: Strikes out swinging
Pitching: RHP Rick Cotner
Batting: RHB Khalil Stephens 0-0: Called Strike
0-1: Foul Ball, location: 2F
0-2: TRIPLE (Line Drive, 89XD, EV 101.2 MPH)
Kwang-chih Men scores
Batting: LHB Mark Huey 0-0: Called Strike
0-1: Foul Ball, location: 2F
0-2: Ball
1-2: Ball
2-2: Reached on error, E9 (Line Drive, 9, EV 99.4 MPH)
Khalil Stephens scores
Batting: SHB Benoît Morin 0-0: Called Strike
0-1: Ball
1-1: Called Strike
1-2: Ball
Passed Ball!
Mark Huey to third
2-2: Foul Ball, location: 2F
2-2: Foul Ball, location: 2F
2-2: Strikes out swinging
Batting: RHB Rich Thurman 0-0: Swinging Strike
0-1: Ball
1-1: Ball
2-1: Called Strike
2-2: Strikes out swinging
Bottom of the 6th over - 2 runs, 2 hits, 1 error, 1 left on base; Fort Wayne 8 - South Bend 3
TOP OF THE 7TH
Fort Wayne TinCaps batting - Pitching for South Bend Cubs : RHP Miles Edwards
Batting: RHB Bryan Pitcher 0-0: Ball
1-0: Ball
2-0: Called Strike
2-1: Ball
3-1: Base on Balls
Batting: SHB Tim Edelman 0-0: Foul Ball, location: 2F
0-1: Foul Ball, location: 2F
0-2: Strikes out swinging
Batting: RHB Davey Verhoog 0-0: Foul Ball, location: 2F
0-1: Foul Ball, location: 2F
0-2: Strikes out looking
Batting: RHB Jeremy Mercer 0-0: Called Strike
0-1: Ball
1-1: Ball
2-1: Ground out 5-3 (Groundball, 5S, EV 63.8 MPH)
Top of the 7th over - 0 runs, 0 hits, 0 errors, 1 left on base; Fort Wayne 8 - South Bend 3
BOTTOM OF THE 7TH
South Bend Cubs batting - Pitching for Fort Wayne TinCaps : RHP Rick Cotner
Batting: RHB Puluke Konane 0-0: Called Strike
0-1: DOUBLE (Line Drive, 78D, EV 108.1 MPH)
Pitching: LHP Alex Pulido
Batting: RHB Mike Savage 0-0: Called Strike
0-1: Foul Ball, location: 2F
0-2: Strikes out swinging
Batting: RHB Jonathan Sotelo 0-0: Called Strike
Puluke Konane steals 3rd base
0-1: Fly out, F9 (Flyball, 9D, EV 90.0 MPH)
Runner from 3rd tags up, SCORES, no throw by RF
Batting: LHB Kwang-chih Men 0-0: Ball
1-0: Ground out 3-1 (Groundball, 34, EV 88.1 MPH)
Bottom of the 7th over - 1 run, 1 hit, 0 errors, 0 left on base; Fort Wayne 8 - South Bend 4
TOP OF THE 8TH
Fort Wayne TinCaps batting - Pitching for South Bend Cubs : RHP Miles Edwards
Batting: SHB Ryohei Nakano 0-0: Ball
1-0: Ball
2-0: Foul Ball, location: 2F
2-1: Foul Ball, location: 2F
2-2: Ball
3-2: DOUBLE (Flyball, 78XD, EV 103.8 MPH)
Batting: RHB Ron Major 0-0: Ball
1-0: Foul Ball, location: 2F
1-1: Foul Ball, location: 2F
1-2: Ball
2-2: Ball
3-2: Foul Ball, location: 2F
3-2: Fly out, F7 (Flyball, 7LM, EV 88.1 MPH)
Batting: RHB Wally Cangro 0-0: Foul Ball, location: 2F
0-1: Ball
1-1: Called Strike
1-2: Ball
2-2: Strikes out swinging
Batting: SHB Adam Martin 0-0: SINGLE (Groundball, 25, EV 70.0 MPH) (infield hit)
Ryohei Nakano to third
Batting: LHB James Sousa 0-0: SINGLE (Groundball, 34D, EV 94.4 MPH)
Ryohei Nakano scores
Adam Martin to second
Runner from 2nd tries for 3rd, OUT! 9-5
Top of the 8th over - 1 run, 3 hits, 0 errors, 1 left on base; Fort Wayne 9 - South Bend 4
BOTTOM OF THE 8TH
South Bend Cubs batting - Pitching for Fort Wayne TinCaps : LHP Alex Pulido
Batting: LHB Mark Ingram 0-0: Ball
1-0: Reached on error, E5 (Groundball, 56S, EV 72.5 MPH)
Batting: RHB Khalil Stephens 0-0: Ball
1-0: Ball
2-0: Foul Ball, location: 2F
2-1: 2-RUN HOME RUN (Flyball, 7D, EV 96.9 MPH), Distance : 395 ft
Pinch Hitting: RHB Brad Santanello 0-0: Ground out 6-3 (Groundball, 6, EV 84.4 MPH)
Batting: SHB Benoît Morin 0-0: Ground out 4-3 (Groundball, 4S, EV 61.9 MPH)
Batting: RHB Rich Thurman 0-0: Swinging Strike
0-1: Swinging Strike
0-2: Foul Ball, location: 2F
0-2: Ball
1-2: Strikes out swinging
Bottom of the 8th over - 2 runs, 1 hit, 1 error, 0 left on base; Fort Wayne 9 - South Bend 6
TOP OF THE 9TH
Fort Wayne TinCaps batting - Pitching for South Bend Cubs : RHP Miles Edwards
Pitching: LHP Shuan-yan Wu
Now at 2B: Gabriel Cruz
Now at SS: Khalil Stephens
Batting: RHB Bryan Pitcher 0-0: Ball
1-0: Called Strike
1-1: Ball
2-1: Fly out, F8 (Flyball, 8LD, EV 100.0 MPH)
Batting: SHB Tim Edelman 0-0: Ground out 4-3 (Groundball, 4, EV 86.2 MPH)
Batting: RHB Davey Verhoog 0-0: Ball
1-0: Ball
2-0: Foul Ball, location: 2F
2-1: Called Strike
2-2: Fly out, F7 (Flyball, 7LM, EV 81.2 MPH)
Top of the 9th over - 0 runs, 0 hits, 0 errors, 0 left on base; Fort Wayne 9 - South Bend 6
BOTTOM OF THE 9TH
South Bend Cubs batting - Pitching for Fort Wayne TinCaps : LHP Alex Pulido
Pitching: RHP Arturo Diaz
Now in RF: Tom Tate
Batting: RHB Puluke Konane 0-0: Swinging Strike
0-1: Ball
1-1: Called Strike
1-2: Ball
2-2: Strikes out swinging
Batting: RHB Mike Savage 0-0: Ball
1-0: Called Strike
1-1: Ball
2-1: Ball
3-1: Base on Balls
Batting: RHB Jonathan Sotelo 0-0: DOUBLE (Groundball, 5L, EV 100.0 MPH)
Mike Savage to third
Batting: LHB Kwang-chih Men 0-0: Ball
1-0: Foul Ball, location: 2F
1-1: Ball
2-1: Ground out 5-3 (Groundball, 56, EV 81.2 MPH)
Mike Savage scores
Batting: LHB Mark Ingram 0-0: Ball
1-0: Foul Ball, location: 2F
1-1: Swinging Strike
1-2: Strikes out swinging, 2-3 out at first.
Bottom of the 9th over - 1 run, 1 hit, 0 errors, 1 left on base; Fort Wayne 9 - South Bend 7
Wednesday, June 22nd , 2022 - OOTP Baseball 23.4 Build 64